 Dungeon Crawl Stone Soup version 0.21.1-1-g345015fe64 (webtiles) character file.

109738 Oravi the Spry (level 16, -5/146 HPs)
             Began as a Merfolk Transmuter on Apr 11, 2018.
             Was the Champion of Qazlal.
             Slain by a sun demon (28 damage)
             ... on level 3 of the Abyss on Apr 12, 2018.
             The game lasted 03:38:56 (27765 turns).

Oravi the Spry (Merfolk Transmuter)                Turns: 27765, Time: 03:38:57

Health: -5/146     AC: 11    Str: 16    XL:     16   Next: 53%
Magic:  28/28      EV: 24    Int: 18    God:    Qazlal [******]
Gold:   1636       SH:  8    Dex: 19    Spells: 16/31 levels left

rFire    + . .     SeeInvis .     - Unarmed
rCold    + + +     Gourm    .   (shield currently unavailable)
rNeg     . . .     Faith    .   (armour currently unavailable)
rPois    +         Spirit   .   (helmet currently unavailable)
rElec    +         Reflect  .   (cloak currently unavailable)
rCorr    .         Harm     .   (gloves currently unavailable)
MR       +....                  (boots currently unavailable)
Stlth    +.........             o - amulet of regeneration
HPRegen  0.00/turn              n - ring of Acrups {rElec rF+ Dex+2 Slay+2}
MPRegen  0.21/turn              M - +1 ring of evasion

@: mighty, about to teleport, ice-form, protected from fire, non-regenerating,
diseased, repel missiles
A: large, (change form in water), (swift swim), (stealthy swim), agile 1, wild
magic 1
a: End Transformation, Upheaval, Elemental Force, Disaster Area, Renounce
Religion


You were on level 3 of the Abyss.
You worshipped Qazlal.
Qazlal was exalted by your worship.
You were not hungry.
You were a creature of crystalline ice.
You visited 5 branches of the dungeon, and saw 25 of its levels.
You visited the Abyss 1 time.

You collected 2296 gold pieces.
You spent 660 gold pieces at shops.

Inventory:

Missiles
 a - 236 arrows
Armour
 b - a +1 robe (melded)
 m - a +2 hat of intelligence (melded)
 s - a +0 pair of gloves (melded)
 t - a +1 pair of boots of running (melded)
 R - a +2 pair of boots
Magical Staves
 y - an uncursed staff of summoning
Jewellery
 h - an uncursed ring of positive energy
 n - the ring of Acrups (left front paw) {rElec rF+ Dex+2 Slay+2}
   (You acquired it on level 12 of the Dungeon)

   [ring of protection from fire]

   It affects your dexterity (+2).
   It affects your accuracy and damage with ranged weapons and melee attacks
   (+2).
   It protects you from fire.
   It insulates you from electricity.
 o - an amulet of regeneration (around neck)
 w - an uncursed ring of flight
 B - an uncursed ring of wizardry
 E - a +3 ring of intelligence
 M - a +1 ring of evasion (right front paw)
 Q - an uncursed ring of protection from fire
 V - an uncursed ring of ice
 Y - an uncursed amulet of guardian spirit
Wands
 l - a wand of scattershot (3)
 q - a wand of digging (12)
 v - a wand of flame (55)
 x - a wand of random effects (92)
 z - a wand of paralysis (23)
 D - a wand of acid (12)
 T - a wand of iceblast (13)
 Z - a wand of disintegration (7)
Scrolls
 e - 10 scrolls of remove curse
 p - 16 scrolls of identify
 F - 3 scrolls of teleportation
 G - a scroll of amnesia
 H - 2 scrolls of brand weapon
 J - a scroll of blinking
 K - a scroll of enchant armour
Potions
 f - 7 potions of haste
 i - 2 potions of cancellation
 j - 2 potions of magic
 k - 5 potions of flight
 r - 3 potions of invisibility
 C - 4 potions of agility
 O - 2 potions of curing
 P - a potion of brilliance
 W - a potion of ambrosia
Books
 c - a book of Changes

   Spells                             Type                      Level
   a - Beastly Appendage              Transmutation                1
   b - Sticks to Snakes               Transmutation                2
   c - Spider Form                    Transmutation/Poison         3
   d - Ice Form                       Ice/Transmutation            4
   e - Blade Hands                    Transmutation                5
 u - a book of Power

   Spells                             Type                      Level
   a - Iskenderun's Battlesphere      Conjuration/Charms           5
   b - Venom Bolt                     Conjuration/Poison           5
   c - Bolt of Magma                  Conjuration/Fire/Earth       5
   d - Iron Shot                      Conjuration/Earth            6
   e - Orb of Destruction             Conjuration                  7
   f - Spellforged Servitor           Conjuration/Summoning        7
 A - a book of Transfigurations

   Spells                             Type                      Level
   a - Irradiate                      Conjuration/Transmutation    5
   b - Statue Form                    Transmutation/Earth          6
   c - Hydra Form                     Transmutation                6
   d - Dragon Form                    Transmutation                7
 I - the Grimoire of Dislocation and Feathers
   (You found it on level 6 of the Lair of Beasts)

   Spells                             Type                      Level
   a - Poisonous Vapours              Poison/Air                   2
   b - Static Discharge               Conjuration/Air              3
   c - Deflect Missiles               Charms/Air                   6
   d - Controlled Blink               Translocation                8
 L - a book of Cantrips

   Spells                             Type                      Level
   a - Confusing Touch                Hexes                        1
   b - Animate Skeleton               Necromancy                   1
   c - Summon Small Mammal            Summoning                    1
   d - Apportation                    Translocation                1
Comestibles
 d - 44 rations
 g - a chunk of flesh


   Skills:
 * Level 10.1 Fighting
 - Level 0.2 Staves
 * Level 16.3 Dodging
 + Level 15.4 Unarmed Combat
 * Level 8.3 Spellcasting
 * Level 15.2 Transmutations
 * Level 9.9 Ice Magic
 - Level 10.0 Poison Magic
 * Level 6.2 Invocations
 - Level 0.1 Evocations


You had 16 spell levels left.
You knew the following spells:

 Your Spells              Type           Power        Failure   Level  Hunger
a - Hydra Form            Tmut           ######....   4%          6    ######.
b - Sticks to Snakes      Tmut           ######..     1%          2    None
c - Spider Form           Tmut/Pois      ######....   1%          3    #......
d - Ice Form              Ice/Tmut       ######..     1%          4    ###....


Dungeon Overview and Level Annotations

Branches:
Dungeon (15/15)            Temple (1/1) D:4            Lair (6/6) D:9
 Shoals (1/4) Lair:3        Snake (0/4) Lair:4        Slime (0/5) Lair:6
    Orc (2/2) D:11            Elf (0/3) Orc:2        Vaults (0/5) D:14
 Depths (0/5) D:15

Altars:
Ashenzari
Cheibriados
Dithmenos
Elyvilon
Fedhas
Gozag
Hepliaklqana
Kikubaaqudgha
Makhleb
Nemelex Xobeh
Okawaru
Qazlal
Ru
Sif Muna
Trog
Uskayaw
Vehumet
Wu Jian
Xom
Yredelemnul
Zin
The Shining One
Beogh

Shops:
D:7 *   D:9 [   D:10 *   D:11 *   Orc:2 :?([!

Annotations:
D:8 dig
D:9 dig, 1 runed door
Lair:3 1 exclusion
Shoals:1 Louise


Innate Abilities, Weirdness & Mutations

((You revert to your normal form in water.))
((You are very nimble and swift while swimming.))
((You are very stealthy in the water. (Stealth+)))
You are agile. (Dex +2)
Your spells are a little harder to cast, but a little more powerful.


Message History

You pummel the hell hog!! You freeze the hell hog!
You kill the hell hog!
Qazlal accepts your kill.
You feel ill.
You hear a shout!
A sun demon comes into view.
The sun demon shouts!
You hear an angry squeal.
The ynoxinul gestures.
The sun demon moves out of view.
You hear an angry squeal.
The ufetubus disappears in a puff of smoke!
The sun demon hits you!
* * * LOW HITPOINT WARNING * * *
You are engulfed in flames!
You resist.
* * * LOW HITPOINT WARNING * * *
As you read the scroll of teleportation, it crumbles to dust.
You feel strangely unstable.
You feel the power of the Abyss delaying your translocation!
The sun demon hits you!!
You die...

.... .....# #.# ....
≈.. ### ..
#..≈###≈...###.# #.
....#≈....##..# .
......≈..§#.#.§.#
.##.##≈35##≈§.X# # .
.# 555x≈≈♣§ ####§.#
...######§≈5≈##....##
. ##♣≈x#§.Y# # #
.≈#≈.≈≈≈≈#3# #
#.....§≈≈≈##....#
..########§#≈ .≈.##.#
. ###♣≈.##.. ##. #...
. # ##


You could see a sun demon, a ynoxinul, a small abomination and 3 ufetubi.

Vanquished Creatures
  Rupert (D:14)
  Gastronok (D:9)
  A very ugly thing (D:15)
  The ghost of Oravi the Spry, a journeyman MfTm of Qazlal (Lair:6)
  Nessos (Lair:5)
  2 merfolk impalers (Shoals:1)
  Fannar (Lair:3)
  The ghost of Delanovic the Covert, a journeyman SpAs of Okawaru (Orc:2)
  A vault guard (D:14)
  5 hydras
  3 centaur warriors
  A merfolk aquamancer (Lair:3)
  3 two-headed ogres
  A death knight (D:14)
  A hell hog (Abyss:3)
  3 orc high priests (Orc:2)
  Sonja (Lair:4)
  3 unseen horrors
  2 skeletal warriors (D:15)
  3 sea snakes
  3 necromancers
  5 orc knights
  A wizard (D:14)
  A phantasmal warrior (D:15)
  Pikel (D:5)
  2 deep elf magi
  A frost giant zombie (D:15)
  6 orc sorcerers
  3 cyclopes
  3 oklob plants
  17 ugly things
  4 manticores
  2 merfolk sirens (Lair:3)
  A spriggan zombie (D:15)
  6 black mambas
  2 water nymphs (Shoals:1)
  15 elephants
  A stone giant skeleton (D:15)
  Maurice (D:9)
  A molten gargoyle (Lair:2)
  2 gargoyles
  20 spiny frogs
  6 komodo dragons
  A freezing wraith (Abyss:3)
  6 trolls
  2 tengu conjurers (D:13)
  2 polar bears (Lair:4)
  5 merfolk
  2 hornets
  5 slime creatures
  A harpy skeleton (D:13)
  4 snapping turtles (Shoals:1)
  4 tyrant leeches (Lair:6)
  12 hippogriffs
  23 blink frogs
  A meliai zombie (D:14)
  A spriggan skeleton (D:15)
  4 wraiths
  2 vampires
  22 humans
  2 water elementals (Shoals:1)
  4 hogs (D:7)
  4 fire bats (Lair:2)
  A fire elemental (Lair:2)
  2 wyverns
  Grum (D:8)
  63 yaks
  4 basilisks
  3 hungry ghosts
  2 wargs
  A harpy simulacrum (D:14)
  11 vampire mosquitoes
  5 nagas (Lair:4)
  12 porcupines
  12 water moccasins
  21 orc warriors
  5 ice beasts
  3 sky beasts
  3 phantoms
  A black bear (Lair:4)
  A hornet zombie (D:14)
  4 slaves (D:5)
  7 ogres
  2 eyes of draining
  A necrophage (D:8)
  8 wolves
  A boggart (D:14)
  6 centaurs
  19 crocodiles
  2 big kobolds
  31 bullfrogs
  5 scorpions
  2 wyvern skeletons
  9 killer bees (D:8)
  5 electric eels
  5 wights (D:10)
  7 howler monkeys
  9 crimson imps
  2 centaur zombies
  4 bullfrog zombies
  6 human zombies (D:8)
  A quasit (D:5)
  A bullfrog skeleton (D:12)
  18 orc priests
  5 centaur skeletons
  7 hounds
  8 jellies
  26 orc wizards
  3 iguanas
  8 worker ants
  6 hell rats (Lair:3)
  2 hound skeletons
  Robin (D:3)
  2 mummies (D:8)
  A worker ant zombie (D:9)
  7 adders
  3 shadow imps
  An ufetubus (Abyss:3)
  2 oozes
  2 adder skeletons
  6 worms
  3 dart slugs (D:1)
  7 leopard geckos
  80 orcs
  A ball python (D:5)
  8 giant cockroaches
  11 goblins
  14 hobgoblins
  20 jackals
  10 kobolds
  8 quokkas
  8 bats
  6 frilled lizards
  A quokka skeleton (D:8)
  19 rats
  A fungus (Lair:1)
  3 plants (Lair:1)
  A withered plant (D:15)
844 creatures vanquished.

Vanquished Creatures (collateral kills)
  A water moccasin (Lair:4)
  The ghost of SupremeSnack the Ducker, a weakling DsGl (D:3)
2 creatures vanquished.

Vanquished Creatures (others)
  An orc (Orc:1)
  68 fungi
  64 plants
  8 tentacles (Shoals:1)
141 creatures vanquished.

Grand Total: 987 creatures vanquished

Notes
Turn   | Place    | Note
-------+----------+-------------------------------------------
     0 | D:1      | Oravi the Merfolk Transmuter began the quest for the Orb.
     0 | D:1      | Reached XP level 1. HP: 15/15 MP: 3/3
   375 | D:1      | Reached XP level 2. HP: 21/21 MP: 3/5
   982 | D:1      | Reached XP level 3. HP: 25/26 MP: 4/6
   986 | D:1      | Learned a level 2 spell: Sticks to Snakes
   990 | D:1      | Learned a level 3 spell: Spider Form
  1296 | D:2      | Reached XP level 4. HP: 19/32 MP: 0/7
  1632 | D:2      | Reached skill level 3 in Dodging
  1897 | D:2      | Found an ancient bone altar of Kikubaaqudgha.
  1902 | D:2      | Found a sacrificial altar of Ru.
  2071 | D:3      | Noticed SupremeSnack's ghost (weakling DsGl)
  2445 | D:3      | Noticed Robin
  2473 | D:3      | Reached XP level 5. HP: 25/37 MP: 3/8
  2482 | D:3      | Killed Robin
  2794 | D:3      | Reached skill level 1 in Poison Magic
  2856 | D:3      | Reached skill level 5 in Unarmed Combat
  2890 | D:3      | Reached skill level 5 in Transmutations
  3235 | D:4      | Found an iron altar of Okawaru.
  3260 | D:4      | Reached XP level 6. HP: 43/43 MP: 5/9
  3292 | D:4      | Found a staircase to the Ecumenical Temple.
  3305 | Temple   | Entered the Ecumenical Temple
  3439 | D:4      | Reached XP level 7. HP: 29/48 MP: 8/10
  4092 | D:5      | Entered Level 5 of the Dungeon
  4328 | D:5      | Noticed Pikel
  4357 | D:5      | Killed Pikel
  4357 | D:5      | Reached skill level 4 in Dodging
  4357 | D:5      | Reached XP level 8. HP: 23/56 MP: 7/11
  4498 | D:5      | Noticed an angel
  4499 | D:5      | Found a glowing silver altar of Zin.
  4998 | D:6      | Found a deep blue altar of Sif Muna.
  5235 | D:6      | Gained mutation: You are agile. (Dex +2) [potion of mutation]
  5235 | D:6      | Gained mutation: Your spells are a little harder to cast, but a little more powerful. [potion of mutation]
  5721 | D:7      | Reached XP level 9. HP: 56/62 MP: 9/12
  5820 | D:7      | Reached skill level 5 in Dodging
  5820 | D:7      | Reached skill level 5 in Poison Magic
  5908 | D:7      | Learned a level 4 spell: Ice Form
  5923 | D:7      | Reached skill level 10 in Unarmed Combat
  6037 | D:7      | Found Paxof's General Store.
  6552 | D:8      | Reached XP level 10. HP: 70/70 MP: 9/13
  6595 | D:8      | Found a white marble altar of Elyvilon.
  6597 | D:8      | Found an ornate altar of the Wu Jian Council.
  6649 | D:8      | Found a blossoming altar of Fedhas.
  6660 | D:8      | Reached skill level 6 in Dodging
  6905 | D:8      | Reached skill level 10 in Transmutations
  7147 | D:8      | Found a basalt altar of Yredelemnul.
  7275 | D:8      | Reached skill level 7 in Dodging
  7756 | D:8      | Noticed Grum
  7782 | D:8      | Reached XP level 11. HP: 39/74 MP: 14/14
  7789 | D:8      | Killed Grum
  7789 | D:8      | Reached skill level 1 in Ice Magic
  7806 | D:8      | Noticed a two-headed ogre
  7820 | D:8      | Killed a two-headed ogre
  7820 | D:8      | Reached skill level 8 in Dodging
  8399 | D:9      | Found Fusun's Antique Armour Emporium.
  8521 | D:9      | Noticed a two-headed ogre
  8536 | D:9      | Killed a two-headed ogre
  8615 | D:9      | Found a snail-covered altar of Cheibriados.
  8688 | D:9      | Found a runed door.
  8688 | D:9      | Noticed an angel
  8688 | D:9      | Noticed Gastronok
  8693 | D:9      | Found a white marble altar of Elyvilon.
  8838 | D:9      | Killed Gastronok
  8870 | D:9      | Reached skill level 9 in Dodging
  9027 | D:9      | Reached skill level 5 in Fighting
  9090 | D:9      | Found a staircase to the Lair.
  9171 | D:9      | Noticed Maurice
  9184 | D:9      | Paralysed by something for 6 turns
  9185 | D:9      | Killed Maurice
  9372 | D:9      | Noticed a purple ugly thing
  9391 | D:9      | Killed a purple ugly thing
  9391 | D:9      | Reached XP level 12. HP: 47/85 MP: 14/16
  9490 | D:9      | Found a stormy altar of Qazlal.
  9492 | D:9      | Found a shimmering altar of Xom.
  9614 | D:10     | Entered Level 10 of the Dungeon
  9711 | D:10     | Found a shimmering altar of Xom.
  9974 | D:10     | Found Qumeij's General Store.
 10045 | D:10     | Found a glowing golden altar of the Shining One.
 10119 | D:9      | Became a worshipper of Qazlal Stormbringer
 10155 | D:11     | Noticed a six-headed hydra
 10185 | D:11     | Noticed a centaur warrior
 10198 | D:11     | Killed a centaur warrior
 10292 | D:11     | Found Riohojil's Changing Room.
 10646 | D:11     | Found a staircase to the Orcish Mines.
 10787 | D:11     | Got a crude ring mail
 10798 | D:11     | Identified the +1 ring mail of Erack {*Slow rElec rPois Str+5} (You found it on level 11 of the Dungeon)
 10953 | D:11     | Killed a six-headed hydra
 11466 | D:3      | Killed SupremeSnack's ghost
 11681 | D:12     | Reached skill level 10 in Dodging
 11689 | D:12     | Reached * piety under Qazlal
 11959 | D:12     | Reached skill level 5 in Ice Magic
 12433 | D:12     | Identified a scroll of acquirement
 12434 | D:12     | Got a heavily runed pewter ring
 12436 | D:12     | Identified the ring of Acrups {rElec rF+ Dex+2 Slay+2} (You acquired it on level 12 of the Dungeon)
 12866 | D:13     | Noticed a four-headed hydra
 12882 | D:13     | Killed a four-headed hydra
 12882 | D:13     | Reached ** piety under Qazlal
 12990 | D:13     | Reached XP level 13. HP: 75/95 MP: 18/18
 13114 | D:13     | Reached skill level 11 in Dodging
 13884 | Lair:1   | Entered Level 1 of the Lair of Beasts
 13888 | Lair:1   | Reached *** piety under Qazlal
 14800 | Lair:2   | Noticed Sonja
 14939 | Lair:2   | Reached skill level 12 in Dodging
 15784 | Lair:3   | Reached **** piety under Qazlal
 16340 | Lair:3   | Found a shadowy altar of Dithmenos.
 16393 | Lair:3   | Noticed Fannar
 16404 | Lair:3   | Reached skill level 5 in Spellcasting
 16416 | Lair:3   | Killed Fannar
 16779 | Lair:3   | Reached XP level 14. HP: 99/104 MP: 16/21
 16784 | Lair:3   | Reached skill level 13 in Dodging
 16789 | Lair:3   | Reached skill level 10 in Poison Magic
 16808 | Lair:3   | Found a staircase to the Shoals.
 17123 | Lair:4   | Killed Sonja
 18252 | Lair:4   | Found a staircase to the Snake Pit.
 18531 | Lair:4   | Identified a +1 pair of boots of running (You found it on level 4 of the Lair of Beasts)
 18813 | Lair:5   | Noticed Nessos
 18831 | Lair:5   | Killed Nessos
 18908 | Lair:5   | Reached ***** piety under Qazlal
 19500 | Lair:6   | Entered Level 6 of the Lair of Beasts
 19517 | Lair:6   | Reached skill level 1 in Invocations
 19903 | Lair:6   | Reached skill level 14 in Dodging
 20417 | Lair:6   | Noticed Oravi's ghost (journeyman MfTm)
 20451 | Lair:6   | Killed Oravi's ghost
 20625 | Lair:6   | Reached skill level 15 in Dodging
 20713 | Lair:6   | Reached XP level 15. HP: 104/112 MP: 24/24
 20847 | Lair:6   | Identified the Grimoire of Dislocation and Feathers
 20947 | Lair:6   | Found a staircase to the Slime Pits.
 21863 | Orc:1    | Entered Level 1 of the Orcish Mines
 22355 | Orc:2    | Entered Level 2 of the Orcish Mines
 22359 | Orc:2    | Noticed Delanovic's ghost (journeyman SpAs)
 22394 | Orc:2    | Killed Delanovic's ghost
 22689 | Orc:2    | Found a staircase to the Elven Halls.
 22701 | Orc:2    | Found Maloqeas's Book Emporium.
 22806 | Orc:2    | Paralysed by an orc sorcerer for 7 turns
 23115 | Orc:2    | Bought a book of Transfigurations for 660 gold pieces
 23122 | Orc:2    | Learned a level 6 spell: Hydra Form
 23442 | Orc:2    | Found Ystrick's Weapon Emporium.
 23442 | Orc:2    | Found Irrunilo's Magic Scroll Emporium.
 23443 | Orc:2    | Found Ihehicag's Distillery.
 23443 | Orc:2    | Found Oquo's Armour Boutique.
 23929 | Orc:1    | Found a roughly hewn altar of Beogh.
 24640 | D:14     | Found a gate to the Vaults.
 24776 | D:14     | Reached ****** piety under Qazlal
 24943 | D:14     | Reached skill level 5 in Invocations
 25064 | D:14     | Noticed Rupert
 25069 | D:14     | Paralysed by Rupert for 4 turns
 25080 | D:14     | Killed Rupert
 25080 | D:14     | Reached skill level 16 in Dodging
 25706 | D:15     | Entered Level 15 of the Dungeon
 25706 | D:15     | Found a staircase to the Depths.
 25715 | D:15     | Reached XP level 16. HP: 120/120 MP: 22/27
 25725 | D:15     | Reached skill level 15 in Unarmed Combat
 26244 | D:15     | Found a burning altar of Makhleb.
 26244 | D:15     | Noticed an Executioner
 26318 | D:15     | Reached skill level 15 in Transmutations
 27119 | Shoals:1 | Entered Level 1 of the Shoals
 27283 | Shoals:1 | Reached skill level 10 in Fighting
 27444 | Shoals:1 | Noticed a kraken
 27611 | Shoals:1 | Noticed Louise
 27630 | Shoals:1 | Cast into level 3 of the Abyss (Louise)
 27765 | Abyss:3  | Slain by a sun demon

Skill      XL: |  1  2  3  4  5  6  7  8  9 10 11 12 13 14 15 16 |
---------------+-------------------------------------------------+-----
Transmutations | 3 4 5 7 9 10 11 12 13 14 15 | 15.2
Unarmed Combat | 4 5 6 7 9 10 12 13 14 15 | 15.4
Dodging        | 3 4 5 7 9 10 12 15 16 | 16.3
Poison Magic   | 1 2 3 4 5 7 8 9 10 | 10.0
Fighting       | 2 3 5 6 7 8 9 10 | 10.1
Ice Magic      | 3 5 7 8 9 |  9.9
Spellcasting   | 3 5 6 7 8 |  8.3
Invocations    | 3 5 6 |  6.2
Staves         | |  0.2
Evocations     | |  0.1

Action                   |  1- 3 |  4- 6 |  7- 9 | 10-12 | 13-15 | 16-18 || total
-------------------------+-------+-------+-------+-------+-------+-------++-------
Melee: Unarmed           |   115 |   182 |   302 |   826 |  1158 |   169 ||  2752
       Headbutt          |     6 |       |       |       |       |       ||     6
       Punch             |     1 |     1 |       |     1 |     1 |       ||     4
       Staff             |       |       |     3 |    25 |     4 |       ||    32
 Cast: Beastly Appendage |    18 |     1 |       |       |       |       ||    19
       Spider Form       |     4 |    25 |    36 |    64 |    11 |     2 ||   142
       Sticks to Snakes  |       |       |       |     2 |       |       ||     2
       Ice Form          |       |       |       |       |    63 |     6 ||    69
       Hydra Form        |       |       |       |       |    18 |    10 ||    28
Invok: Elemental Force   |       |       |       |       |     2 |       ||     2
Evoke: Wand              |       |       |       |       |    13 |       ||    13
  Use: Scroll            |     4 |     8 |     8 |     8 |    10 |     2 ||    40
       Potion            |       |     1 |     1 |     4 |     6 |     2 ||    14
 Stab: Sleeping          |     1 |     2 |     3 |     2 |       |       ||     8
       Distracted        |       |       |       |     1 |       |       ||     1
  Eat: Chunk             |     2 |    11 |    14 |    28 |    32 |       ||    87
       Ration            |       |       |     1 |       |     3 |       ||     4
Armor: Robe              |     8 |     5 |     2 |     6 |     7 |       ||    28
       Skin              |       |    44 |    11 |    16 |   133 |    33 ||   237
Dodge: Dodged            |    87 |   145 |   228 |   776 |   906 |   181 ||  2323
       Deflected         |       |       |       |       |    15 |    16 ||    31
Block: Other             |       |       |       |     9 |   268 |    78 ||   355
